Map: New Repugnancy LE

Players

ZaZen

  • Race: Terran Terran
  • League: Silver
  • Spawn Location: 1:00

THEBUTLER - Winner!

  • Race: Protoss Protoss
  • League: Silver
  • Spawn Location: 7:00

VOD

Have the link to the VOD?

Description

Time

  • Played on: May 18, 2019, 2:31 p.m.
  • Length: 17:43
Show
View Real Time Build Order
Export as new Build Order

ZaZen Terran 

Build Orders: Mech 

Get SALT Encoding   

  12  0:01  SCV  
  13  0:13  SCV  
  14  0:17  Supply Depot  
  14  0:26  Refinery  
  15  0:28  SCV  
  15  0:40  SCV  
  16  0:47  Barracks  
  16  0:53  SCV  
  17  1:05  SCV  
  18  1:17  SCV  
  19  1:30  SCV  
  20  1:34  Reaper  
  21  1:42  Command Center  
  21  1:49  Orbital Command  
  21  2:01  Bunker  
  21  2:06  Reaper  
  22  2:17  SCV  
  22  2:18  Factory  
  23  2:35  Supply Depot  
  23  2:54  SCV  
  24  3:06  SCV  
  24  3:09  Reaper  
  24  3:12  Factory, Factory Tech Lab  
  26  3:18  Orbital Command  
  26  3:20  SCV  
  26  3:23  Supply Depot  
  27  3:31  Refinery  
  27  3:32  SCV  
  28  3:44  SCV  
  29  3:52  Cyclone, Refinery  
  32  3:59  SCV x2  
  34  4:11  SCV x2  
  36  4:18  Factory Reactor  
  36  4:26  Refinery  
  36  4:33  Factory  
  36  4:40  Cyclone  
  36  4:44  SCV x2  
  41  4:53  Command Center  
  41  4:56  Hellion x2  
  41  4:58  Mag-Field Accelerator  
  46  5:07  SCV x2  
  47  5:15  Cyclone  
  47  5:17  Hellion x2  
  47  5:20  Factory Tech Lab  
  54  5:35  Marine, Supply Depot  
  54  5:36  Supply Depot  
  54  5:37  Supply Depot  
  54  5:40  SCV x2, Engineering Bay  
  57  5:44  Hellion  
  57  5:45  Hellion  
  61  5:53  Marine  
  65  5:57  Cyclone  
  65  6:22  SCV x2  
  65  6:24  Hellion x2  
  65  6:25  Siege Tank  
  74  6:27  Orbital Command  
  72  6:34  SCV  
  72  6:38  Infernal Pre-Igniter  
  73  6:47  Armory  
  73  6:49  Missile Turret  
  73  6:50  SCV x2  
  69  7:00  Missile Turret  
  69  7:12  Hellion  
  69  7:13  Hellion  
  69  7:15  Cyclone  
  79  7:22  Cyclone  
  79  7:31  Armory  
  76  7:45  Hellion  
  76  7:46  Hellion  
  76  7:48  Cyclone  
  76  7:49  Orbital Command  
  83  7:58  Factory  
  79  8:04  Factory  
  79  8:09  SCV  
  79  8:10  SCV  
  81  8:16  SCV  
  82  8:22  SCV x2  
  82  8:24  Hellion x2, Cyclone  
  82  8:25  Cyclone  
  82  8:26  Factory  
  94  8:28  Terran Vehicle Weapons Level 1  
  94  8:29  Terran Vehicle And Ship Armor Level 1  
  94  8:36  Refinery  
  94  8:37  SCV x3  
  97  8:46  Hellion  
  97  8:47  Hellion  
  101  8:48  Supply Depot  
  101  8:56  Supply Depot x3  
  101  8:59  SCV x2  
  101  9:00  Factory Reactor  
  103  9:04  Cyclone  
  103  9:05  Cyclone  
  109  9:10  Hellion x2  
  109  9:11  Factory Tech Lab  
  109  9:13  Factory Tech Lab  
  113  9:20  SCV x2  
  113  9:21  SCV  
  116  9:25  Refinery  
  116  9:32  SCV  
  116  9:33  SCV x2  
  116  9:35  Hellion  
  116  9:36  Hellion  
  116  9:37  Hellion  
  116  9:38  Hellion  
  127  9:39  Cyclone x3  
  136  9:54  SCV x2  
  136  9:59  Supply Depot  
  138  10:00  Command Center  
  138  10:02  Supply Depot  
  138  10:05  Supply Depot  
  138  10:07  Hellion  
  140  10:20  Cyclone  
  140  10:21  Hellion  
  127  10:39  Hellion x4  
  135  10:45  Cyclone  
  135  10:46  Siege Tank  
  141  10:54  SCV x3  
  144  10:58  Cyclone  
  144  11:01  Siege Tank  
  150  11:05  Hellion x4  
  150  11:06  SCV  
  150  11:08  Starport  
  159  11:11  Terran Vehicle Weapons Level 2  
  159  11:19  Hellion  
  144  12:05  Starport Reactor  
  136  12:10  Starport  
  133  12:16  Hellion  
  133  12:17  Hellion x3  
  133  12:18  Thor x2  
  133  12:19  Thor  
  159  12:38  Planetary Fortress  
  159  12:43  Hellion x2  
  159  12:44  Hellion x2  
  167  12:45  Viking x2  
  167  12:48  Starport Reactor  
  171  12:54  Terran Vehicle And Ship Armor Level 2, Sensor Tower  
  171  13:01  Thor  
  171  13:02  Hellion  
  179  13:31  Viking  
  179  13:32  Viking  
  167  13:40  Thor x2  
  167  13:42  Hellion  
  167  13:43  Hellion x3  
  167  13:44  Viking x2  
  179  13:51  Thor  
  179  13:54  Terran Vehicle Weapons Level 3, Supply Depot  
  179  13:55  Supply Depot  
  185  14:01  Viking  
  185  14:02  Viking, SCV x2  
  191  14:04  SCV x2  
  193  14:13  Viking  
  193  14:14  Viking, Smart Servos  
  197  14:18  Hellion  
  199  14:45  Missile Turret  
  199  15:15  Command Center  
  199  15:23  Sensor Tower  
  88  16:25  Thor  
  88  16:26  Thor  
  88  16:28  Hellion x4  
  88  16:30  Viking x4  
  116  16:39  Missile Turret, Thor  
  116  16:49  Hellion  
  116  16:52  Factory x2  
  116  16:53  Factory  
  118  17:00  Viking x4  
  126  17:03  Hellion x3, Barracks  
  126  17:04  Factory  
  126  17:05  Refinery  
  126  17:06  Refinery  
  132  17:09  Hellion  
Show
View Real Time Build Order
Export as new Build Order

THEBUTLER Protoss - Winner!

Build Orders: 1 Gate Expand, Carriers 

Get SALT Encoding   

  12  0:02  Probe  
  13  0:10  Probe  
  14  0:17  Pylon  
  14  0:24  Assimilator  
  14  0:26  Probe  
  15  0:38  Probe  
  16  0:50  Probe  
  16  0:51  Gateway  
  17  1:02  Probe  
  18  1:14  Probe  
  19  1:26  Probe  
  20  1:34  Nexus  
  20  1:39  Probe  
  21  1:43  Zealot  
  21  1:46  Cybernetics Core  
  23  1:58  Pylon  
  23  2:05  Assimilator  
  22  2:21  Gateway  
  22  2:22  Probe  
  23  2:26  Warp Gate  
  23  2:32  Stalker  
  23  2:34  Probe  
  26  2:46  Probe  
  26  2:47  Pylon  
  26  3:11  Robotics Facility  
  26  3:13  Assimilator  
  26  3:17  Probe  
  27  3:20  Gateway  
  27  3:22  Probe  
  27  3:26  Probe  
  28  3:30  Probe  
  29  3:39  Probe, Forge  
  29  3:40  Probe  
  30  3:42  Twilight Council  
  32  3:50  Probe  
  33  3:58  Observer  
  34  4:16  Probe x2  
  36  4:19  Assimilator  
  36  4:22  Zealot  
  36  4:23  Zealot  
  40  4:26  Charge  
  40  4:28  Probe x2  
  42  4:41  Probe x2  
  42  4:45  Zealot, Assimilator  
  44  4:50  Protoss Ground Weapons Level 1  
  46  4:57  Robotics Bay  
  46  4:59  Probe  
  47  5:00  Probe  
  48  5:07  Zealot  
  48  5:08  Zealot  
  48  5:09  Zealot  
  54  5:15  Pylon  
  54  5:18  Pylon  
  54  5:21  Pylon  
  54  5:33  Probe  
  55  5:39  Pylon  
  55  5:42  Pylon  
  55  5:44  Nexus  
  55  5:47  Stalker  
  55  6:05  Stalker x2  
  55  6:09  Colossus  
  64  6:32  Probe x2  
  66  6:35  Stalker x2  
  70  6:40  Probe  
  70  6:44  Probe  
  72  6:48  Probe  
  69  6:56  Probe  
  69  7:00  Stalker x3  
  70  7:12  Immortal  
  74  7:20  Probe x2  
  74  7:21  Pylon  
  74  7:22  Probe  
  77  7:30  Blink  
  76  7:44  Gateway  
  76  7:46  Gateway  
  76  7:47  Immortal  
  76  7:48  Probe x2  
  76  7:49  Probe, Pylon  
  83  7:51  Assimilator  
  83  8:09  Colossus  
  83  8:13  Stalker x3  
  89  8:22  Protoss Shields Level 1  
  95  8:27  Stargate  
  95  8:28  Probe  
  95  8:29  Stargate, Probe x2  
  98  8:38  Stalker  
  98  8:41  Probe x2  
  102  8:58  Assimilator  
  102  9:04  Observer  
  103  9:12  Fleet Beacon  
  103  9:15  Pylon  
  103  9:18  Protoss Air Weapons Level 1  
  103  9:25  Immortal  
  103  9:28  Sentry  
  109  9:33  Pylon  
  109  9:35  Pylon  
  109  9:37  Extended Thermal Lance, Nexus  
  109  9:40  Pylon  
  109  9:43  Pylon  
  109  9:52  Probe x2, Carrier  
  111  9:57  Carrier  
  111  9:58  Zealot x3  
  111  9:59  Zealot  
  131  10:16  Gateway  
  131  10:17  Gateway  
  131  10:19  Probe x3  
  134  10:31  Probe x2  
  134  10:32  Probe  
  127  10:40  Stalker x2  
  127  10:41  Stalker x2  
  135  10:47  Carrier  
  135  10:51  Void Ray  
  145  11:04  Protoss Ground Weapons Level 2  
  145  11:10  Pylon  
  145  11:11  Probe  
  145  11:12  Probe, Pylon  
  145  11:13  Probe x2  
  143  11:35  Protoss Air Weapons Level 2  
  143  11:38  Carrier  
  131  12:04  Probe  
  131  12:05  Probe x2  
  134  12:09  Mothership  
  134  12:15  Probe  
  134  12:17  Probe x2  
  145  12:34  Pylon  
  145  12:45  Probe  
  145  12:46  Nexus  
  145  12:49  Pylon  
  145  12:50  Pylon  
  146  12:52  Carrier  
  152  13:14  Gateway x2  
  152  13:17  Protoss Shields Level 2  
  152  13:18  Pylon  
  135  13:40  Probe x2  
  137  13:51  Protoss Air Weapons Level 3  
  137  13:52  Probe x2  
  139  13:58  Carrier  
  145  14:04  Probe x2  
  147  14:20  Zealot x2  
  147  14:24  Probe x3  
  153  14:26  Probe  
  155  14:32  Probe  
  156  14:45  Probe x2  
  156  14:46  Probe  
  156  14:48  Probe  
  160  14:56  Observer, Probe  
  162  15:10  Gateway  
  162  15:12  Gateway  
  162  15:14  Gateway  
  162  15:16  Probe x3  
  162  15:17  Immortal  
  162  15:19  Carrier  
  169  15:21  Assimilator  
  169  15:23  Assimilator  
  169  15:32  Carrier  
  181  15:53  Gravitic Boosters  
  181  15:54  Probe x2  
  132  16:32  Stalker x2  
  136  16:33  Stalker x3  
  136  16:34  Stalker x2  
  136  16:35  Stalker x2  
  150  16:53  Nexus  
Tags
 
Add a new tag
Caveats
  • Supply blocks, unpowered buildings, or Contaminate may cause inaccurate times.
  • Supply counts are checked every 10 seconds.